 Dungeon Crawl Stone Soup version 0.31.0-11-ge490571c62 (webtiles) character file.

Game seed: 6928117554815031885

114 qw the Shooter (level 4, 0/23 HPs)
             Began as a Spriggan Hunter on Feb 5, 2024.
             Slain by a kobold
             ... wielding a +0 whip
              (1 damage)
             ... on level 3 of the Dungeon.
             The game lasted 00:00:41 (1776 turns).

qw the Shooter (Spriggan Hunter)                    Turns: 1776, Time: 00:00:41

Health: 0/23       AC:  2    Str:  7    XL:     4   Next: 66%
Magic:  5/5        EV: 20    Int: 10    God:
Gold:   113        SH:  0    Dex: 20    Spells: 3/3 levels left

rFire   . . .        a - +0 shortbow
rCold   . . .        (shield currently unavailable)
rNeg    . . .        c - +0 robe
rPois   .            (helmet restricted)
rElec   .            (no cloak)
rCorr   .            (gloves unavailable)
SInv    +            (boots unavailable)
Will    +....        (no amulet)
Stlth   ++           i - ring of willpower
HPRegen 0.23/turn    (no ring)
MPRegen 0.09/turn

%: no passive effects
@: lethally poisoned (0 -> -3), about to teleport, very quick
A: very small, no large weapons, unfitting armour, see invisible, speed 3
a: no special abilities


You were on level 3 of the Dungeon.
You visited 1 branch of the dungeon, and saw 3 of its levels.

You collected 113 gold pieces.


Innate Abilities, Weirdness & Mutations

You are very small and have problems with some larger weapons.
You are too small for most types of armour.
You have supernaturally acute eyesight. (SInv)
You cover ground extremely quickly. (Speed+++)


   Skills:
 + Level 1.8 Fighting
 - Level 5.0 Ranged Weapons
 - Level 5.0 Dodging
 - Level 1.5 Stealth


You had 3 spell levels left.
You didn't know any spells.
Your spell library was empty.

Inventory:

Hand Weapons
 a - a +0 shortbow (weapon)
Armour
 c - a +0 robe (worn)
Jewellery
 i - a ring of willpower (left hand)
Scrolls
 g - a scroll of teleportation
Potions
 h - a potion of haste

Dungeon Overview and Level Annotations

Branches:
Dungeon (3/15)

Altars:


Message History

The kobold throws a poisoned dart.
The poisoned dart hits you!
You are poisoned.
The gnoll enters a dispersal trap!
The gnoll blinks! x2; The kobold blinks!
The gnoll blinks! x3; The rat blinks!
You blink.
A gnoll comes into view. It is wielding a +0 flail.
Found a scroll labelled NYLLEIFAHA.
Found a stone staircase leading up.
The gnoll blinks!
The gnoll moves out of view.
You shoot an arrow.
The arrow hits the gnoll but does no damage.
You feel sick. The gnoll misses you. x2
You shoot an arrow. The gnoll shouts!
The arrow hits the gnoll.
The gnoll is heavily wounded.
You feel sick.
The kobold throws a poisoned dart.
The poisoned dart hits you!
You are more poisoned.
The gnoll hits you but does no damage. The gnoll misses you.
You shoot an arrow. The arrow hits the gnoll.
The gnoll is severely wounded.
You feel very sick.
The kobold throws a poisoned dart.
The poisoned dart misses you. The rat closely misses you.
The gnoll closely misses you. The gnoll completely misses you.
You shoot an arrow. The arrow hits the gnoll.
You kill the gnoll!
You feel very sick. The rat barely misses you. The gnoll closely misses you.
You shoot an arrow. The arrow hits the gnoll!
The gnoll is heavily wounded.
You feel sick. The rat bites you.
The kobold throws a poisoned dart.
The poisoned dart misses you. The gnoll barely misses you.
The rat bites you but does no damage. The gnoll hits you with a +0 club.
1775 ||| READING 2 scrolls of teleportation.
As you read the scroll of teleportation, it crumbles to dust.
You feel strangely unstable.
You feel sick. The rat completely misses you. The gnoll completely misses you.
You shoot an arrow. The arrow hits the gnoll.
The gnoll is severely wounded.
You feel sick. The rat misses you. The kobold hits you with a +0 whip.
You die...

.#####......#.#
## #......#
#......##+######
#..............#
#####..........#
#..........#
#.?........##
#..$...g...?##
#......@.....#
###...grK....<.
#.........#.#
#.........#
#...^.....#
+.........#
..........#
##.........#


You could see 2 gnolls, a kobold and a rat.

Vanquished Creatures
  Robin (D:2)
  A gnoll (D:3)
  4 adders
  8 bats
  6 endoplasms
  A giant cockroach (D:2)
  10 goblins
  12 hobgoblins
  A quokka (D:1)
  2 ball pythons (D:1)
  3 frilled lizards (D:1)
  2 kobolds (D:2)
  2 rats
53 creatures vanquished.

Notes
Turn   | Place    | Note
-------+----------+-------------------------------------------
     0 | D:1      | qw the Spriggan Hunter began the quest for the Orb.
     0 | D:1      | Reached XP level 1. HP: 10/10 MP: 2/2
     0 | D:1      | 0 ||| qw: Version: 0.3-a-160-g6735b56
     0 | D:1      | 0 ||| qw: Game counter: 6518
     0 | D:1      | 0 ||| qw: Melee chars always use a shield: true
     0 | D:1      | 0 ||| qw: God list: Okawaru
     0 | D:1      | 0 ||| qw: Allow faded altars: false
     0 | D:1      | 0 ||| qw: Do Orc after clearing Dungeon:15 true
     0 | D:1      | 0 ||| qw: Do second Lair branch before Depths: true
     0 | D:1      | 0 ||| qw: Lair rune preference: random
     0 | D:1      | 0 ||| qw: Goals: Normal
     0 | D:1      | 0 ||| PLANNING D:1-11
    34 | D:1      | Reached skill level 3 in Dodging
   103 | D:1      | Reached XP level 2. HP: 14/14 MP: 3/3
   671 | D:1      | Found a faded altar of an unknown god.
   844 | D:1      | 844 ||| READING scroll labelled VOTUSU RUHELE.
   845 | D:1      | 845 ||| READING 2 scrolls labelled SOHI XEHUO.
   845 | D:1      | 845 ||| IDENTIFYING scroll labelled SIPHOD ZOCETYCSO
   846 | D:1      | 846 ||| READING scroll of identify.
   846 | D:1      | 846 ||| IDENTIFYING 2 scrolls labelled CIHEGA XUNA
   847 | D:1      | 847 ||| DROPPING scroll of butterflies.
   848 | D:1      | 848 ||| DROPPING scroll of fog.
   872 | D:2      | 872 ||| RETREEEEATING.
   874 | D:2      | 874 ||| RETREEEEATING.
   877 | D:2      | 877 ||| RETREEEEATING.
   881 | D:2      | 881 ||| RETREEEEATING.
   882 | D:2      | 882 ||| RETREEEEATING.
   883 | D:2      | 883 ||| RETREEEEATING.
   893 | D:2      | 893 ||| RETREEEEATING.
   900 | D:2      | Reached XP level 3. HP: 12/18 MP: 4/4
   979 | D:2      | Noticed Robin
   990 | D:2      | Killed Robin
  1049 | D:2      | Reached XP level 4. HP: 14/22 MP: 5/5
  1673 | D:2      | 1673 ||| UPGRADING to ring of willpower.
  1674 | D:2      | 1674 ||| READING 2 scrolls of identify.
  1674 | D:2      | 1674 ||| IDENTIFYING fizzy cyan potion
  1675 | D:2      | 1675 ||| READING scroll of identify.
  1675 | D:2      | 1675 ||| IDENTIFYING fuming green potion
  1676 | D:2      | 1676 ||| READING scroll labelled ROZYCA NEBUODIMOA.
  1677 | D:2      | 1677 ||| READING scroll labelled VATZAE ZICSI.
  1677 | D:2      | 1677 ||| ENCHANTING +0 shortbow.
  1678 | D:2      | 1678 ||| DROPPING potion of degeneration.
  1774 | D:3      | HP: 4/23 [gnoll/+0 club (5)]
  1775 | D:3      | 1775 ||| READING 2 scrolls of teleportation.
  1776 | D:3      | HP: 1/23 [poisoned by a kobold]
  1776 | D:3      | Slain by a kobold

Levels and vault maps discovered:
D:1:      psy_arrival_radial02, layout_basic, dilly_ecumenical_altar_fadedgnrine
D:2:      layout_loops_ring, uniq_robin
D:3:      minmay_chambers_of_threes, layout_basic, nemelex_spade_bored_becter,
          kennysheep_decorative_pillar

Skill      XL: |  1  2  3  4 |
---------------+-------------+-----
Dodging        | 3 4 5 |  5.0
Ranged Weapons | 5 |  5.0
Fighting       | |  1.8
Stealth        | |  1.5

Action                     |  1- 3 |  4- 6 || total
---------------------------+-------+-------++-------
   Fire: Shortbow          |    91 |    53 ||   144
    Use: Scroll            |     3 |     5 ||     8
 Armour: Robe              |    14 |    11 ||    25
  Dodge: Dodged            |    38 |    31 ||    69

Table legend:
 A = Non-vault XP
 B = Vault XP
 C = Vault XP percentage of total XP
 D = Non-vault monster count
 E = Vault monster count
 F = Vault count percentage of total count
                 A         B        C        D         E       F
            +---------+---------+-------+---------+---------+-------
      Total |     125 |      38 |  23.3 |      40 |      13 |  24.5
            +---------+---------+-------+---------+---------+-------
        D:1 |      30 |       0 |   0.0 |      18 |       0 |   0.0
        D:2 |      66 |      38 |  36.5 |      18 |      13 |  41.9
        D:3 |      29 |       0 |   0.0 |       4 |       0 |   0.0
            +---------+---------+-------+---------+---------+-------
